 Dungeon Crawl Stone Soup version 0.23.0-33-g5e6c059 (webtiles) character file.

Game seed: 10774231224887351301

791 Lanoc the Chopper (level 7, -1/37 HPs)
             Began as a Vine Stalker Gladiator on Feb 26, 2019.
             Was a Believer of Uskayaw.
             Slain by an ogre
             ... wielding a +0 giant spiked club
              (17 damage)
             ... on level 6 of the Dungeon.
             The game lasted 00:03:58 (2347 turns).

Lanoc the Chopper (Vine Stalker Gladiator)          Turns: 2347, Time: 00:03:59

Health: -1/37      AC: 14    Str: 16    XL:     7   Next: 88%
Magic:  0/8        EV:  8    Int:  8    God:    Uskayaw [**....]
Gold:   174        SH:  0    Dex: 18    Spells: 6/6 levels left

rFire    . . .     SeeInvis .   a - +0 war axe
rCold    . . .     Gourm    .   (no shield)
rNeg     + + .     Faith    .   k - +4 chain mail {rN+}
rPois    .         Spirit   +   c - +0 helmet
rElec    .         Reflect  .   (no cloak)
rCorr    .         Harm     .   (no gloves)
MR       .....                  (no boots)
Stlth    ..........             (no amulet)
HPRegen  0.52/turn              m - ring of positive energy
MPRegen  0.11/turn              (no ring)

@: no status effects
A: fangs 2, regeneration 1, magic shield, antimagic bite, no potion heal 3, rot
immunity
a: Stomp, Line Pass, Renounce Religion


You were on level 6 of the Dungeon.
You worshipped Uskayaw.
Uskayaw was noncommittal.
You were hungry.

You visited 2 branches of the dungeon, and saw 7 of its levels.

You collected 174 gold pieces.

Inventory:

Hand Weapons
 a - a +0 war axe (weapon)
Missiles
 d - 2 throwing nets (quivered)
Armour
 c - a +0 helmet (worn)
 k - a +4 chain mail of positive energy (worn)
Jewellery
 m - a ring of positive energy (left hand)
Scrolls
 e - 8 scrolls of identify {unknown}
 i - a scroll of magic mapping {unknown}
 n - a scroll of remove curse {unknown}
 o - a scroll of amnesia {unknown}
 p - a scroll of enchant armour {unknown}
Potions
 g - 2 potions of agility
 j - a potion of haste
Comestibles
 f - 13 rations


   Skills:
 + Level 3.8 Fighting
 * Level 5.6 Axes
 - Level 1.7 Throwing
 + Level 2.8 Armour
 + Level 3.9 Dodging


You had 6 spell levels left.
You didn't know any spells.
Your spell library contained the following spells:

 Spells                   Type           Power        Failure   Level  Hunger
 Beastly Appendage        Tmut           #.....       100%        1    ##.....
 Sandblast                Erth           #.....       100%        1    ##.....
 Passwall                 Tmut/Erth      #.......     100%        2    ###....
 Sticks to Snakes         Tmut           #.......     100%        2    ###....
 Spider Form              Tmut/Pois      #.........   100%        3    ####...
 Stone Arrow              Conj/Erth      #.....       100%        3    ####...
 Ice Form                 Ice/Tmut       #.......     100%        4    #####..
 Petrify                  Tmut/Erth      #.......     100%        4    #####..
 Blade Hands              Tmut           #.........   100%        5    ######.
 Lee's Rapid Deconstruct  Erth           #.........   100%        5    ######.


Dungeon Overview and Level Annotations

Branches:
Dungeon (6/15)             Temple (1/1) D:5

Altars:
Ashenzari
Cheibriados
Dithmenos
Elyvilon
Fedhas
Gozag
Hepliaklqana
Kikubaaqudgha
Makhleb
Nemelex Xobeh
Okawaru
Qazlal
Ru
Sif Muna
Trog
Uskayaw
Vehumet
Wu Jian
Yredelemnul
Zin
The Shining One

Shops:
D:4 }


Innate Abilities, Weirdness & Mutations

You have extremely sharp teeth.
Your natural rate of healing is unusually fast.
When hurt, damage is shared between your health and your magic reserves.
Your bite disrupts and absorbs the magic of your enemies.
Potions cannot restore your health.
You are immune to rotting.


Message History

You hit the ogre.
The ogre is heavily wounded.
The ogre hits you with a +0 giant spiked club.
You can now pass through a line of other dancers.
You hit the ogre. Your bite misses the ogre.
The ogre is severely wounded.
The ogre hits you with a +0 giant spiked club.
You hit the ogre but do no damage.
The ogre is severely wounded.
The ogre barely misses you.
You hit the ogre.
The ogre is severely wounded.
The ogre hits you with a +0 giant spiked club!!
You are too injured to fight recklessly!
You are too injured to fight recklessly!
You are too injured to fight recklessly!
You closely miss the ogre. Your bite misses the ogre.
The ogre is severely wounded.
The ogre hits you with a +0 giant spiked club!!
You die...

..# #.# ### #.# ..#
#.# ###### #.# ##.###
#.....#+##.## #...<#
#...........# #.<..#
#......(....# #)...#
#..[.O@.....# #....#
###......#'#####....#
#......#...<......#
....>....######.....#
########.# ####.....#
..# #........# ###
#....##### #....#
######


You could see an ogre.

Vanquished Creatures
  Sigmund (D:5)
  Menkaure (D:5)
  Edmund (D:5)
  Blork the orc (D:4)
  A scorpion (D:4)
  A howler monkey (D:4)
  2 crimson imps
  A bullfrog skeleton (D:4)
  An iguana (D:5)
  Terence (D:3)
  A worker ant (D:4)
  A hound skeleton (D:4)
  A worker ant zombie (D:5)
  3 adders
  2 worms
  A dart slug (D:1)
  An orc (D:5)
  A ball python (D:1)
  A giant cockroach (D:4)
  3 goblins (D:3)
  2 hobgoblins (D:3)
  A quokka (D:4)
  A frilled lizard (D:4)
  3 kobolds (D:3)
  A rat (D:3)
34 creatures vanquished.

Notes
Turn   | Place    | Note
-------+----------+-------------------------------------------
     0 | D:1      | Lanoc the Vine Stalker Gladiator began the quest for the
                  | Orb.
     0 | D:1      | Reached XP level 1. HP: 11/11 MP: 2/2
   166 | D:3      | Noticed a crimson imp
   181 | D:3      | Killed a crimson imp
   181 | D:3      | Reached skill level 3 in Axes
   181 | D:3      | Reached XP level 2. HP: 10/15 MP: 3/3
   181 | D:3      | Reached XP level 3. HP: 12/18 MP: 4/4
   252 | D:3      | Noticed Terence
   262 | D:3      | Killed Terence
   262 | D:3      | Reached skill level 1 in Armour
   262 | D:3      | Gained mutation: Your natural rate of healing is unusually
                  | fast. [Vine Stalker growth]
   262 | D:3      | Reached XP level 4. HP: 8/23 MP: 1/5
   343 | D:3      | Found a white marble altar of Elyvilon.
   344 | D:3      | Found a sacrificial altar of Ru.
   345 | D:3      | Found a radiant altar of Vehumet.
   447 | D:3      | Found a faded altar of an unknown god.
   451 | D:3      | Became a worshipper of Ru the Awakened
   667 | D:3      | You fall through a shaft for 3 floors!
   674 | D:5      | Entered Level 5 of the Dungeon
   705 | D:4      | Reached XP level 5. HP: 21/27 MP: 6/6
   725 | D:4      | Reached skill level 4 in Axes
   828 | D:4      | Reached XP level 6. HP: 32/32 MP: 7/7
   849 | D:4      | Noticed Blork the orc
   865 | D:4      | Killed Blork the orc
  1331 | D:4      | Found Ruodiep's Gadget Boutique.
  1465 | D:5      | Found a staircase to the Ecumenical Temple.
  1531 | Temple   | Entered the Ecumenical Temple
  1712 | Temple   | Fell from the grace of Ru
  1712 | Temple   | Became a worshipper of Uskayaw the Reveler
  1774 | D:5      | Noticed Edmund
  1778 | D:5      | Reached * piety under Uskayaw
  1782 | D:5      | Reached ** piety under Uskayaw
  1787 | D:5      | Killed Edmund
  1787 | D:5      | Reached XP level 7. HP: 5/36 MP: 2/8
  1875 | D:5      | Noticed Menkaure
  1884 | D:5      | Killed Menkaure
  1884 | D:5      | Reached skill level 5 in Axes
  1884 | D:5      | Reached *** piety under Uskayaw
  1951 | D:5      | Noticed Sigmund
  1965 | D:5      | Killed Sigmund
  2347 | D:6      | Slain by an ogre

Skill      XL: |  1  2  3  4  5  6  7 |
---------------+----------------------+-----
Fighting       | 2 3 |  3.8
Axes           | 3 4 5 |  5.6
Armour         | 1 2 |  2.8
Dodging        | 3 |  3.9
Throwing       | |  1.7

Action                   |  1- 3 |  4- 6 |  7- 9 || total
-------------------------+-------+-------+-------++-------
Melee: War axe           |    27 |    91 |    40 ||   158
       Bite              |     6 |    33 |    12 ||    51
Throw: Throwing net      |       |     1 |     1 ||     2
  Use: Potion            |       |     1 |     3 ||     4
  Eat: Chunk             |       |     2 |     2 ||     4
Armor: Leather armour    |     5 |       |       ||     5
       Chain mail        |       |    45 |    13 ||    58
Dodge: Dodged            |    11 |    37 |    13 ||    61
